 Dungeon Crawl Stone Soup version 0.26-a0-752-gcff87cac9a (webtiles) character file.

Game seed: 7351367300145688637

1404 1994 the Basher (level 8, -4/52 HPs)
             Began as a Gargoyle Gladiator on Nov 6, 2020.
             Was an Initiate of Okawaru.
             Killed from afar by Maggie (6 damage)
             ... with a bolt of fire
             ... on level 6 of the Dungeon.
             The game lasted 00:14:27 (6861 turns).

1994 the Basher (Gargoyle Gladiator)                Turns: 6861, Time: 00:14:27

Health: -4/52      AC: 12    Str: 19    XL:     8   Next: 70%
Magic:  8/8        EV: 10    Int: 10    God:    Okawaru [......]
Gold:   259        SH:  0    Dex: 11    Spells: 7/7 levels left

rFire    . . .     SeeInvis .   a - +0 flail
rCold    . . .     Faith    .   (no shield)
rNeg     + . .     Spirit   .   H - +0 scale mail
rPois    ∞         Reflect  .   c - +0 helmet
rElec    +         Harm     .   (no cloak)
rCorr    .         Rampage  .   (no gloves)
MR       .....                  (no boots)
Stlth    ..........             (no amulet)
HPRegen  0.17/turn              (no ring)
MPRegen  0.11/turn              (no ring)

@: no status effects
A: negative energy resistance 1, electricity resistance, unbreathing,
petrification resistance, rot immunity, AC +5
a: Renounce Religion


You were on level 6 of the Dungeon.
You worshipped Okawaru.
Okawaru was noncommittal.
You visited 2 branches of the dungeon, and saw 7 of its levels.
You also visited: Sewer.

You collected 259 gold pieces.

Inventory:

Hand Weapons
 a - a +0 flail (weapon)
Missiles
 d - 3 throwing nets (quivered)
 g - 18 poisoned darts
 i - 136 stones
 p - 8 boomerangs
 w - 5 javelins
Armour
 c - a +0 helmet (worn)
 H - a +0 scale mail (worn)
Jewellery
 f - an uncursed amulet of faith {unknown}
 y - a cursed amulet of inaccuracy {unknown}
Wands
 r - a wand of flame (12)
 v - a wand of random effects (13)
 G - a wand of enslavement (9)
Scrolls
 e - a scroll of fog {unknown}
 j - a scroll of fear
 k - 2 scrolls of blinking
 l - 3 scrolls of immolation
 m - a scroll of amnesia {unknown}
 o - 3 scrolls of teleportation
 u - a scroll of remove curse {unknown}
 E - a scroll of magic mapping {unknown}
Potions
 b - a potion of lignification
 h - 2 potions of haste
 n - 3 potions of curing
 t - a potion of heal wounds {unknown}
 x - a potion of attraction {unknown}
 z - a potion of ambrosia {unknown}
 A - 4 potions of brilliance
 B - a potion of flight {unknown}
 C - 2 potions of might
 D - a potion of magic {unknown}
 F - a potion of mutation {unknown}


   Skills:
 + Level 6.9 Fighting
 * Level 9.1 Maces & Flails
 - Level 1.7 Throwing
 - Level 2.4 Dodging


You had 7 spell levels left.
You didn't know any spells.
Your spell library contained the following spells:

 Spells                   Type           Power        Failure   Level
 Animate Skeleton         Necr           #.....       77%         1
 Apportation              Tloc           #.....       77%         1
 Corona                   Hex            #......      77%         1
 Summon Small Mammal      Summ           #...         77%         1
 Ensorcelled Hibernation  Hex/Ice        #.....       88%         2
 Confusing Touch          Hex            #.......     98%         3
 Dazzling Flash           Conj/Hex       #.....       98%         3
 Tukima's Dance           Hex            #.......     98%         3


Dungeon Overview and Level Annotations

Branches:
Dungeon (6/15)             Temple (1/1) D:5           Sewer (visited)

Altars:
Ashenzari
Cheibriados
Dithmenos
Elyvilon
Fedhas
Gozag
Hepliaklqana
Kikubaaqudgha
Makhleb
Nemelex Xobeh
Okawaru
Ru
Sif Muna
Trog
Uskayaw
Vehumet
Wu Jian
Xom
Yredelemnul
Zin
The Shining One

Annotations:
D:6 Maggie


Innate Abilities, Weirdness & Mutations

You are resistant to torment.
Your stone body is resilient. (AC +5)
You are immune to poison.
You resist negative energy. (rN+)
You are resistant to electric shocks. (rElec)
You can survive without breathing.
You are immune to petrification.
You are immune to rotting.


Message History

A bolt of fire appears from out of thin air!
The bolt of fire hits you!! The howler monkey skeleton hits you.
* * * LOW HITPOINT WARNING * * *
You hear some strange, mumbled words.
You closely miss something.
The howler monkey skeleton hits you but does no damage.
Something hits you!
* * * LOW HITPOINT WARNING * * *
You sock something! Something hits you.
* * * LOW HITPOINT WARNING * * *
The howler monkey skeleton hits you.
* * * LOW HITPOINT WARNING * * *
You barely miss something.
You hear some strange, mumbled words.
The howler monkey skeleton hits you but does no damage.
You barely miss something.
You hear some strange, mumbled words.
A bolt of fire appears from out of thin air!
The bolt of fire hits you.
You die...

######...........
#.............##
#.............#
#.............#
#.............#
#.............+ #
#.............# ..#
#............Z#....#
#...........@{B.#
###############.....
..... .. .


You could see a worker ant and a howler monkey skeleton.

Vanquished Creatures
  Grinder (D:3)
  A hornet zombie (D:5)
  A black bear (D:5)
  A howler monkey (D:5)
  4 crimson imps (D:4)
  An orc priest (D:4)
  3 hounds
  2 bullfrog skeletons (D:5)
  A gnoll shaman (D:4)
  A jelly (D:5)
  Jessica (D:2)
  2 iguanas
  Ijyb (D:3)
  Natasha (D:2)
  3 orc wizards
  Terence (D:2)
  2 worker ants
  A hound zombie (D:5)
  5 gnolls
  A howler monkey skeleton (D:4)
  12 adders
  A shadow imp (D:5)
  4 oozes
  2 worms
  3 dart slugs
  8 leopard geckos
  9 orcs
  8 ball pythons
  8 giant cockroaches
  8 goblins
  9 hobgoblins
  19 jackals
  3 quokkas (D:5)
  A ball python zombie (D:5)
  5 bats
  7 frilled lizards
  A jackal skeleton (D:5)
  10 kobolds
  2 leopard gecko skeletons
  8 rats
162 creatures vanquished.

Vanquished Creatures (others)
  18 plants (Sewer)
18 creatures vanquished.

Grand Total: 180 creatures vanquished

Notes
Turn   | Place    | Note
-------+----------+-------------------------------------------
     0 | D:1      | 1994 the Gargoyle Gladiator began the quest for the Orb.
     0 | D:1      | Reached XP level 1. HP: 12/12 MP: 1/1
    71 | D:1      | Reached XP level 2. HP: 18/18 MP: 2/2
   450 | D:1      | Reached XP level 3. HP: 17/22 MP: 3/3
   856 | D:2      | Reached skill level 4 in Maces & Flails
  1058 | D:2      | Reached XP level 4. HP: 28/28 MP: 4/4
  1220 | D:2      | Noticed Terence
  1236 | D:2      | Killed Terence
  1273 | D:2      | Noticed Jessica
  1277 | D:2      | Killed Jessica
  1277 | D:2      | Reached XP level 5. HP: 14/33 MP: 5/5
  1510 | D:2      | Noticed Natasha
  1517 | D:2      | Killed Natasha
  1517 | D:2      | Reached skill level 5 in Maces & Flails
  1783 | D:2      | You fall into a shaft and drop 1 floor!
  1819 | D:3      | Noticed Ijyb
  1833 | D:3      | Killed Ijyb
  1912 | D:3      | Reached XP level 6. HP: 32/38 MP: 6/6
  2302 | D:3      | Noticed Grinder
  2312 | D:3      | Paralysed by Grinder for 7 turns
  2323 | D:3      | Paralysed by Grinder for 6 turns
  2347 | D:3      | Killed Grinder
  2347 | D:3      | Reached skill level 6 in Maces & Flails
  2347 | D:3      | Reached XP level 7. HP: 12/44 MP: 7/7
  2473 | D:3      | Reached skill level 5 in Fighting
  3375 | D:4      | Found a glowing drain.
  3392 | D:4      | Found a sand-covered staircase.
  3422 | Sewer    | Entered a sewer
  3652 | Sewer    | Reached skill level 7 in Maces & Flails
  5015 | D:4      | Found a shimmering altar of Xom.
  5035 | D:4      | Reached XP level 8. HP: 51/51 MP: 8/8
  5457 | D:5      | Entered Level 5 of the Dungeon
  5464 | D:5      | Reached skill level 8 in Maces & Flails
  5476 | D:5      | Found a staircase to the Ecumenical Temple.
  5521 | Temple   | Entered the Ecumenical Temple
  5677 | Temple   | Became a worshipper of Warmaster Okawaru
  6718 | D:5      | Reached skill level 9 in Maces & Flails
  6845 | D:6      | Noticed Maggie
  6859 | D:6      | HP: 2/52 [something (1)]
  6861 | D:6      | Killed from afar by Maggie

Illustrated notes

Levels and vault maps discovered:
D:1:      saegor_arrival_simple_a, layout_basic, st_stairs_9,
          minmay_worlds_worst_comb
D:2:      layout_basic, uniq_natasha, uniq_jessica, uniq_terence
D:3:      layout_loops_ring, grunt_ministairs_5, uniq_ijyb, uniq_grinder
D:4:      layout_loops_cross, nicolae_ossuary_entry_ruins, portal_sewer_entry_c,
          led_xom_imps
D:5:      layout_loops_ring, temple_pool_b, minivault_4
D:6:      layout_gridville, gammafunk_ghost_cemetery, okawaru_ov_weapons_minmay,
          uniq_maggie, uniq_sigmund
Temple:   kilobyte_greek_temple

Skill      XL: |  1  2  3  4  5  6  7  8 |
---------------+-------------------------+-----
Maces & Flails | 4 5 6 7 9 |  9.1
Fighting       | 3 4 5 6 |  6.9
Throwing       | |  1.7
Dodging        | |  2.4

Action                   |  1- 3 |  4- 6 |  7- 9 || total
-------------------------+-------+-------+-------++-------
Melee: Flail             |   117 |   165 |   476 ||   758
Evoke: Wand              |       |       |     5 ||     5
  Use: Scroll            |       |       |     7 ||     7
Armor: Leather armour    |    51 |    12 |       ||    63
       Ring mail         |       |    69 |   218 ||   287
       Scale mail        |       |       |    50 ||    50
Dodge: Dodged            |    84 |   100 |   292 ||   476

Table legend: (Time is in decaauts)
 A = Elapsed time spent in this place.
 B = Non-inter-level travel time spent in this place.
 C = Inter-level travel time spent in this place.
 D = Time resting spent in this place.
 E = Time spent auto-exploring this place.
 F = Levels seen in this place.
 G = Mean time per level.
                   A        B        C        D        E       F      G
               +--------+--------+--------+--------+--------+-----+--------+
         Total |   7157 |   6719 |    438 |   1611 |   3090 |   8 |  894.6 |
       Dungeon |   5673 |   5290 |    383 |   1453 |   2223 |   6 |  945.5 |
        Temple |    188 |    133 |     55 |      0 |    131 |   1 |  188.0 |
         Sewer |   1295 |   1295 |      0 |    158 |    736 |   1 | 1295.0 |
               +--------+--------+--------+--------+--------+-----+--------+

Top non-repeatable levels by time:
     D:3: 1647 daAuts
   Sewer: 1295 daAuts
     D:4: 1090 daAuts
     D:5: 1077 daAuts
     D:2: 999 daAuts
     D:1: 817 daAuts
  Temple: 188 daAuts
     D:6: 40 daAuts
